 Dungeon Sprint DCSS version 0.16.1-28-gcc2312f (webtiles) character file.

203 Kidiri the Thaumaturge (level 5, -10/28 HPs)
             Began as a Deep Elf Summoner on May 29, 2015.
             Was a Follower of Sif Muna.
             Killed from afar by a guardian golem (30 damage)
             ... with an exploding inner flame
             ... summoned by the player character
             ... in the Dungeon (Sprint I: "Red Sonja").
             The game lasted 00:06:13 (703 turns).

Kidiri the Thaumaturge (Deep Elf Summoner)           Turns: 703, Time: 00:06:13

Health: -10/28     AC:  2    Str:  5    XL:     5   Next: 51%
Magic:  2/23       EV: 15    Int: 21    God:    Sif Muna [*.....]
Gold:   307        SH:  0    Dex: 15    Spells: 6 memorised, 4 levels left

rFire  . . .     SeeInvis .     k - +3 scythe (venom)
rCold  . . .     Clarity  .     a - +0 robe
rNeg   . . .     SustAb   .     (no shield)
rPois  .         Gourm    .     (no helmet)
rElec  .         Spirit   .     (no cloak)
rCorr  .         Warding  .     (no gloves)
rMut   .         NoTele   +     (no boots)
MR     .....                    (no amulet)
Stlth  +++.......               (no ring)
                                (no ring)

@: very slightly contaminated, not resistant to hostile enchantments, fairly
stealthy
A: no striking features
a: Channel Energy, Renounce Religion


You were in the Dungeon.
You worshipped Sif Muna.
Sif Muna was aware of your devotion.
You were not hungry.

You visited 1 branch You collected 307 gold pieces.

Inventory:

Hand weapons
 k - a +3 scythe of venom (weapon)
Armour
 a - a +0 robe (worn)
Scrolls
 i - a scroll of blinking
 j - a scroll of identify {unknown}
Potions
 d - a potion of curing
 e - 2 potions of heal wounds
 f - a potion of haste
 g - 3 potions of magic
 h - a potion of berserk rage
Books
 b - a book of Callings

   Spells                             Type                      Level
   a - Summon Small Mammal            Summoning                    1
   b - Call Imp                       Summoning                    2
   c - Call Canine Familiar           Summoning                    3
   d - Summon Guardian Golem          Hexes/Summoning              4
   e - Summon Lightning Spire         Summoning/Air                4
   f - Summon Ice Beast               Ice/Summoning                4
Comestibles
 c - a bread ration


   Skills:
 + Level 5.9 Dodging
 + Level 6.4 Stealth
 * Level 9.2 Spellcasting
 + Level 0.0 Hexes
 * Level 8.7 Summonings
 + Level 0.0 Ice Magic
 + Level 0.0 Air Magic


You had 4 spell levels left.
You knew the following spells:

 Your Spells              Type           Power        Failure   Level  Hunger
a - Summon Small Mammal   Summ           ####         1%          1    None
b - Call Imp              Summ           #####...     1%          2    None
c - Call Canine Familiar  Summ           #####...     1%          3    None
d - Summon Guardian Gole  Hex/Summ       ####....     14%         4    ##.....
e - Summon Ice Beast      Ice/Summ       ####....     14%         4    ##.....
f - Summon Lightning Spi  Summ/Air       ####....     14%         4    ##.....


Dungeon Overview and Level Annotations

Branches:
Dungeon (1/1)

Altars:
Elyvilon
Gozag
Kikubaaqudgha
Makhleb
Nemelex Xobeh
Okawaru
Qazlal
Ru
Sif Muna
Trog
Vehumet
Xom
Yredelemnul
Zin
The Shining One

Shops:
D *


Message History

Your hound barely misses the deep troll.
Your hound closely misses the deep troll.
The deep troll bites your lightning spire!
The deep troll claws your lightning spire!
Your lightning spire is destroyed!
The deep troll shouts!
Casting: Summon Guardian Golem
Confirm with . or Enter, or press ? or * to list all spells.
Aiming: Summon Lightning Spire
Press: ? - help, Dir - move target cursor You miscast Summon Lightning Spire.
You are very lightly contaminated with residual magic.
Your head hurts.
Your white imp misses the deep troll.
Your hound barely misses the deep troll.
The deep troll completely misses your hound.
The deep troll claws your hound!!
Your guardian golem explodes!
The fiery explosion engulfs you!
Ouch! That really hurt!
You die...

################
#<.#..'.[#..'..#
#..'..#..'..#..+
#..#####'#####'#
#..####..#...#.#
#..#__####..##.#
#..#_.§§§##'#).+§§§..+
#⌠⌠#_.@hT.†..._#§§≈§c#
####_...5##_.#'##'###
#_____###'#.# :/$
####### #.### ### $.$
$)$# ##.## #P#


!P! You could see a deep troll, a friendly hound and a friendly white imp.

Vanquished Creatures (collateral kills)
  Sonja (D)
  A yak (D)
  An ogre (D)
  Sigmund (D)
  A jelly (D)
  Ijyb (D)
6 creatures vanquished.

Vanquished Creatures (others)
  4 crimson imps (D)
  A hound (D)
  A lightning spire (D)
  A shadow imp (D)
  2 quokkas (D)
  2 bats (D)
  2 giant spores (D)
  A rat (D)
14 creatures vanquished.

Grand Total: 20 creatures vanquished

Notes
Turn   | Place    | Note
--------------------------------------------------------------
     0 | D        | Kidiri, the Deep Elf Summoner, began the quest for the Orb.
     0 | D        | Reached XP level 1. HP: 10/10 MP: 5/5
    61 | D        | Noticed Ijyb
    80 | D        | Killed Ijyb
    80 | D        | Reached skill level 5 in Summonings
    80 | D        | Reached XP level 2. HP: 15/15 MP: 1/9
    84 | D        | Learned a level 2 spell: Call Imp
   163 | D        | Noticed an ogre
   262 | D        | Noticed Sigmund
   298 | D        | Killed Sigmund
   298 | D        | Reached skill level 6 in Spellcasting
   298 | D        | Reached XP level 3. HP: 19/19 MP: 1/15
   333 | D        | Found a deep blue altar of Sif Muna.
   339 | D        | Noticed a jelly
   340 | D        | Found a radiant altar of Vehumet.
   356 | D        | Killed a jelly
   360 | D        | Noticed a centaur warrior
   362 | D        | Learned a level 3 spell: Call Canine Familiar
   376 | D        | Killed an ogre
   376 | D        | Reached skill level 5 in Stealth
   376 | D        | Reached skill level 7 in Spellcasting
   376 | D        | Reached XP level 4. HP: 6/24 MP: 4/20
   382 | D        | Learned a level 4 spell: Summon Guardian Golem
   387 | D        | Learned a level 4 spell: Summon Ice Beast
   601 | D        | Became a worshipper of Sif Muna the Loreminder
   608 | D        | Noticed Sonja
   620 | D        | Killed Sonja
   620 | D        | Reached skill level 5 in Dodging
   622 | D        | Found Scha Tulu's General Store.
   622 | D        | Found a white marble altar of Elyvilon.
   622 | D        | Found a stormy altar of Qazlal.
   622 | D        | Found a basalt altar of Yredelemnul.
   622 | D        | Found an iron altar of Okawaru.
   622 | D        | Found a sparkling altar of Nemelex Xobeh.
   622 | D        | Found a shimmering altar of Xom.
   622 | D        | Found an ancient bone altar of Kikubaaqudgha.
   623 | D        | Noticed a yak
   638 | D        | Found a burning altar of Makhleb.
   638 | D        | Found a sacrificial altar of Ru.
   638 | D        | Found a glowing golden altar of the Shining One.
   638 | D        | Found an opulent altar of Gozag.
   638 | D        | Found a glowing silver altar of Zin.
   644 | D        | Killed a yak
   644 | D        | Acquired Sif Muna's first power
   644 | D        | Reached skill level 9 in Spellcasting
   644 | D        | Reached XP level 5. HP: 15/28 MP: 13/23
   650 | D        | Learned a level 4 spell: Summon Lightning Spire
   653 | D        | Found a bloodstained altar of Trog.
   694 | D        | Noticed a deep troll
   703 | D        | Killed from afar by a guardian golem

Action                   |  1- 3 |  4- 6 || total
-------------------------+-------+-------++-------
Melee: Scythe            |     1 |       ||     1
 Cast: Summon Small Mamm |    16 |       ||    16
       Call Imp          |     9 |     3 ||    12
       Call Canine Famil |     2 |     3 ||     5
       Summon Guardian G |       |     2 ||     2
       Summon Ice Beast  |       |     1 ||     1
       Summon Lightning  |       |     1 ||     1
